 Dungeon Crawl Stone Soup version 0.22-a0-612-gd2f0174 (webtiles) character file.

79 galech the Skirmisher (level 4, -5/49 HPs)
             Began as an Ogre Berserker on July 11, 2018.
             Was a Believer of Trog.
             Slain by a gnoll
             ... wielding a +0 spear
              (7 damage)
             ... on level 3 of the Dungeon.
             The game lasted 00:02:15 (1942 turns).

galech the Skirmisher (Ogre Berserker)              Turns: 1942, Time: 00:02:16

Health: -5/49      AC:  3    Str: 21    XL:     4   Next: 38%
Magic:  4/4        EV: 10    Int:  8    God:    Trog [**....]
Gold:   102        SH:  0    Dex:  9    Spells: 3/3 levels left

rFire    . . .     SeeInvis .   a - +0 mace
rCold    + . .     Gourm    .   (no shield)
rNeg     . . .     Faith    .   b - +0 animal skin
rPois    .         Spirit   .   (helmet restricted)
rElec    .         Reflect  .   j - scarf {cloud immunity}
rCorr    .         Harm     .   (gloves unavailable)
MR       .....                  (boots unavailable)
Stlth    +.........             (no amulet)
HPRegen  0.16/turn              e - ring of protection from cold
MPRegen  0.09/turn              (no ring)

@: lethally poisoned (-5 -> -8), berserk cooldown, slowed, very slow
A: large, unfitting armour, tough skin 1
a: Berserk, Trog's Hand, Renounce Religion


You were on level 3 of the Dungeon.
You worshipped Trog.
Trog was pleased with you.
You were very hungry.

You visited 1 branch of the dungeon, and saw 3 of its levels.

You collected 102 gold pieces.

Inventory:

Hand Weapons
 a - a +0 mace (weapon)
Armour
 b - a +0 animal skin (worn)
 j - a scarf of cloud immunity (worn)
Jewellery
 e - a ring of protection from cold (left hand)
Scrolls
 f - 3 scrolls of identify {unknown}
 g - 2 scrolls of remove curse {unknown}
 k - a scroll of blinking {unknown}
 l - a scroll of teleportation {unknown}
Potions
 d - 2 potions of agility {unknown}
 h - 2 potions of lignification {unknown}
 i - a potion of heal wounds {unknown}
Comestibles
 c - 4 rations
 m - 3 chunks of flesh


   Skills:
 + Level 4.8 Fighting
 + Level 3.5 Maces & Flails
 + Level 3.3 Dodging
 + Level 0.2 Stealth


You had 3 spell levels left.
You didn't know any spells.
Your spell library was empty.

Dungeon Overview and Level Annotations

Branches:
Dungeon (3/15)

Altars:
Dithmenos
Elyvilon
Hepliaklqana
Xom


Innate Abilities, Weirdness & Mutations

You are too large for most types of armour.
You have tough skin. (AC +1)


Message History

You feel the effects of Trog's Hand fading.
The gnoll hits you with a spear.
* * * LOW HITPOINT WARNING * * *
You barely miss the gnoll.
The gnoll is heavily wounded.
You are no longer berserk.
You are exhausted.
You feel yourself slow down. The gnoll hits you but does no damage.
You hit the gnoll.
The gnoll is severely wounded.
You feel sick. The gnoll hits you with a spear.
* * * LOW HITPOINT WARNING * * *
The gnoll hits you but does no damage.
You hit the gnoll.
The gnoll is almost dead.
Your skin stops crawling.
You feel less resistant to hostile enchantments.
* * * LOW HITPOINT WARNING * * *
You feel sick. The gnoll hits you with a spear!
You die...

..g....#.#..##
#.####.§g#..#
#...#§#§#§#.#
#)#.§§§_o§§.# #.#
#§#o#.### #.#
##§§.## #.# #o#§##
#######.###goo# ##
........÷@gg###
#########.
######.#####
#.........
#.#########.########
#...........#
#############


You could see an orc wizard, 3 gnolls and an orc.

Vanquished Creatures
  4 adders
  2 dart slugs
  2 giant cockroaches
  3 goblins
  6 hobgoblins
  5 kobolds
  A quokka (D:3)
  A ball python (D:2)
  5 bats
  6 frilled lizards
  5 rats
40 creatures vanquished.

Notes
Turn   | Place    | Note
-------+----------+-------------------------------------------
     0 | D:1      | galech the Ogre Berserker began the quest for the Orb.
     0 | D:1      | Reached XP level 1. HP: 24/24 MP: 1/1
   107 | D:1      | Reached XP level 2. HP: 26/32 MP: 2/2
   763 | D:2      | Reached XP level 3. HP: 35/40 MP: 3/3
   843 | D:2      | Found a white marble altar of Elyvilon.
   994 | D:2      | Reached ** piety under Trog
  1091 | D:2      | Found a hazy altar of Hepliaklqana.
  1092 | D:2      | Found a shimmering altar of Xom.
  1093 | D:2      | Noticed a spectral ugly thing
  1888 | D:3      | Reached XP level 4. HP: 48/49 MP: 4/4
  1899 | D:3      | Found a shadowy altar of Dithmenos.
  1941 | D:3      | HP: 2/49 [gnoll/spear (5)]
  1942 | D:3      | Slain by a gnoll

Vault maps used:
D:1:      dpeg_arrival_stonehenge_12_columns, kennysheep_nondescript
D:2:      regret_index_temple_of_mockery, lemuel_crystal_altar, first_ration
D:3:      okawaru_metal_pillars_3, grunt_dithmenos_smoke_and_mirrors,
          uniq_natasha

Skill      XL: |  1  2 |
---------------+-------+-----
Maces & Flails | 3 |  3.5
Dodging        | 3 |  3.3
Fighting       | |  4.8
Stealth        | |  0.2

Action                   |  1- 3 |  4- 6 || total
-------------------------+-------+-------++-------
Melee: Mace              |   112 |    23 ||   135
Invok: Berserk           |     1 |     1 ||     2
       Trog's Hand       |     1 |     1 ||     2
 Stab: Sleeping          |     1 |       ||     1
  Eat: Chunk             |     5 |       ||     5
Armor: Animal skin       |    46 |    11 ||    57
Dodge: Dodged            |    62 |    20 ||    82

Table legend:
 A = Spawn XP
 B = Non-spawn XP
 C = Spawn XP percentage of total XP
 D = Spawn monster count
 E = Non-spawn monster count
 F = Spawn count percentage of total count
 G = Total turns spent on level
                    A         B        C        D         E        F      G
               +---------+---------+-------+---------+---------+-------+---------
         Total |       0 |     114 |   0.0 |       0 |      40 |   0.0 |  1942
               +---------+---------+-------+---------+---------+-------+---------
           D:1 |       0 |      26 |   0.0 |       0 |      16 |   0.0 |   736
           D:2 |       0 |      45 |   0.0 |       0 |      13 |   0.0 |  1032
           D:3 |       0 |      43 |   0.0 |       0 |      11 |   0.0 |   174
               +---------+---------+-------+---------+---------+-------+---------
